 Dungeon Crawl Stone Soup version 0.23-a0-577-g2b1de94 (webtiles) character file.

17882 Firecrotchwizard the Severer (level 12, -5/113 HPs)
             Began as a Minotaur Berserker on Dec 16, 2018.
             Was a High Priest of Trog.
             Slain by a thrashing horror (6 damage)
             ... on level 2 of the Abyss.
             The game lasted 00:19:28 (10302 turns).

Firecrotchwizard the Severer (Minotaur Berserker)  Turns: 10302, Time: 00:19:29

Health: -5/113     AC: 17    Str: 25    XL:     12   Next: 22%
Magic:  5/11       EV:  8    Int:  4    God:    Trog [*****.]
Gold:   318        SH:  0    Dex: 12    Spells: 11/11 levels left

rFire    . . .     SeeInvis .   O - +0 battleaxe
rCold    . . .     Gourm    .   (shield currently unavailable)
rNeg     . . .     Faith    +   p - +0 plate armour
rPois    +         Spirit   .   (helmet restricted)
rElec    .         Reflect  .   L - +0 cloak
rCorr    .         Harm     .   r - +2 pair of gloves
MR       .....                  (no boots)
Stlth    ..........             q - amulet of faith {Faith, !P}
HPRegen  0.28/turn              B - +2 ring of protection
MPRegen  0.12/turn              z - ring of poison resistance {rPois, !d}

@: vulnerable
A: retaliatory headbutt, horns 2, deformed body, screaming 1, subdued magic 1
a: Berserk, Trog's Hand, Brothers in Arms, Renounce Religion


You were on level 2 of the Abyss.
You worshipped Trog.
Trog was extremely pleased with you.
You were hungry.

You visited 2 branches of the dungeon, and saw 12 of its levels.
You visited the Abyss 1 time.
You also visited: Ossuary.

You collected 718 gold pieces.
You spent 400 gold pieces at shops.

Inventory:

Hand Weapons
 b - a +0 trident
   (You found it on level 1 of the Lair of Beasts)
 I - a +2 war axe
   (You took it off a wight in an ossuary)
 O - a +0 battleaxe (weapon)
   (You took it off an orc warrior on level 8 of the Dungeon)
Missiles
 Y - 3 throwing nets {=f, !d}
Armour
 p - a +0 plate armour (worn)
   (You found it on level 2 of the Dungeon)
 r - a +2 pair of gloves (worn)
   (You found it on level 3 of the Dungeon)
 L - a +0 cloak (worn)
   (You found it on level 7 of the Dungeon)
Jewellery
 q - an amulet of faith (around neck) {Faith, !P}
   (You bought it in a shop on level 7 of the Dungeon)
 z - a ring of poison resistance (right hand) {rPois, !d}
   (You found it on level 5 of the Dungeon)
 B - a +2 ring of protection (left hand)
   (You found it on level 6 of the Dungeon)
 J - an uncursed ring of flight {+Fly, !d}
   (You found it on level 9 of the Dungeon)
 K - a +4 ring of strength
   (You found it on level 7 of the Dungeon)
 X - an uncursed ring of ice {rC+, rF-}
   (You took it off Fannar on level 11 of the Dungeon)
Wands
 f - a wand of digging (12)
   (You found it on level 8 of the Dungeon)
 u - a wand of clouds (5)
   (You found it on level 3 of the Dungeon)
 x - a wand of flame (22)
   (You found it on level 5 of the Dungeon)
 y - a wand of polymorph (10)
   (You found it on level 9 of the Dungeon)
 C - a wand of disintegration (29)
   (You found it on level 9 of the Dungeon)
 H - a wand of iceblast (9)
   (You found it in an ossuary)
 S - a wand of paralysis (6)
   (You found it on level 10 of the Dungeon)
Scrolls
 e - 3 scrolls of identify
 g - a scroll of immolation {!r}
 h - 3 scrolls of magic mapping {!r}
 k - 2 scrolls of random uselessness
 m - 3 scrolls of remove curse
 n - 4 scrolls of teleportation
 v - 2 scrolls of amnesia
 P - a scroll of blinking {!r}
 R - a scroll of fear {unknown}
 W - a scroll of acquirement {unknown}
Potions
 a - a potion of ambrosia {unknown}
 i - 3 potions of curing {unknown}
 l - 6 potions of lignification {!q}
 o - 3 potions of heal wounds
 s - 3 potions of flight {unknown}
 t - 3 potions of might {unknown}
 w - 2 potions of degeneration {unknown}
 D - a potion of agility {unknown}
 E - 2 potions of resistance {unknown}
 F - 2 potions of brilliance {unknown}
 G - a potion of invisibility {unknown}
 N - a potion of mutation {unknown}
 Q - a potion of magic {unknown}
 U - 2 potions of cancellation {unknown}
Miscellaneous
 A - a lightning rod (4/4)
   (You found it on level 9 of the Dungeon)
Comestibles
 c - 8 rations


   Skills:
 + Level 12.3 Fighting
 * Level 16.4 Axes
 + Level 12.1 Armour
 - Level 2.1 Dodging


You had 11 spell levels left.
You didn't know any spells.
Your spell library was empty.

Dungeon Overview and Level Annotations

Branches:
Dungeon (11/15)            Temple (0/1) D:7            Lair (1/6) D:11
    Orc (0/2) D:10

Altars:
Cheibriados
Dithmenos
Hepliaklqana
Makhleb
Uskayaw
Wu Jian
The Shining One

Shops:
D:7 =   D:9 =   D:11 !

Annotations:
D:6 2 transporters
Lair:1 Sonja


Innate Abilities, Weirdness & Mutations

You reflexively headbutt those who attack you in melee.
You have a pair of horns on your head.
Armour fits poorly on your strangely shaped body.
You occasionally shout uncontrollably at your foes.
Your spells are a little easier to cast, but a little less powerful.


Message History

The thrashing horror tramples you.
You hold your ground!
The thrashing horror tramples you but does no damage. x2
The ynoxinul gestures.
You take 2 damage, and have 84/112 hp.
You closely miss the thrashing horror. You hit the thrashing horror.
The thrashing horror tramples you!
You stumble backwards!
The thrashing horror barely misses you.
The thrashing horror tramples you but does no damage.
You take 8 damage, and have 76/112 hp.
The thrashing horror roars!
The thrashing horror tramples you!
You stumble backwards!
You take 8 damage, and have 68/112 hp.
Your plate armour prevents you from hitting the thrashing horror.
You hit the thrashing horror but do no damage.
The thrashing horror tramples you but does no damage. x4
You hit the thrashing horror but do no damage.
You headbutt the thrashing horror. You barely miss the ufetubus.
The thrashing horror barely misses you. x2; The ufetubus closely misses you.
The ufetubus hits you but does no damage.
The thrashing horror roars!
You miss the ufetubus. Your headbutt misses the ufetubus.
You slash the thrashing horror! The thrashing horror tramples you.
You stumble backwards!
You take 2 damage, and have 66/112 hp.
You hit the thrashing horror but do no damage.
You closely miss the ufetubus. The thrashing horror barely misses you.
The thrashing horror completely misses you. x2
The thrashing horror barely misses you.
The ufetubus hits you but does no damage.
The ufetubus closely misses you.
You slash the ufetubus!
You kill the ufetubus!
You hit the ufetubus.
The ufetubus hits you but does no damage.
The ufetubus closely misses you.
The thrashing horror barely misses you. x2
You slice the thrashing horror!! You slice the ufetubus!!
You kill the ufetubus!
The thrashing horror tramples you but does no damage.
The thrashing horror closely misses you.
The thrashing horror tramples you but does no damage.
The thrashing horror barely misses you.
The thrashing horror roars!
The thrashing horror closely misses you.
You furiously retaliate!
You headbutt the thrashing horror, but do no damage.
The thrashing horror tramples you.
You stumble backwards!
The thrashing horror churns violently!
The thrashing horror seems to grow stronger.
The thrashing horror tramples you!
You hold your ground!
The thrashing horror tramples you!
You hold your ground!
The ynoxinul completely misses you.
The thrashing horror tramples you but does no damage.
The thrashing horror closely misses you.
You take 21 damage, and have 45/112 hp.
The thrashing horror roars!
The thrashing horror tramples you but does no damage. x2
The thrashing horror tramples you!!
* * * LOW HITPOINT WARNING * * *
You stumble backwards!
You take 18 damage, and have 27/112 hp.
The thrashing horror roars!
The thrashing horror tramples you but does no damage. x2
The thrashing horror tramples you!!
* * * LOW HITPOINT WARNING * * *
You hold your ground!
The thrashing horror tramples you.
* * * LOW HITPOINT WARNING * * *
You hold your ground!
The thrashing horror tramples you but does no damage.
The thrashing horror closely misses you.
The ynoxinul hits you but does no damage.
You hear a croak.
You take 19 damage, and have 8/112 hp.
Unknown command.
Your plate armour prevents you from hitting the ynoxinul.
The thrashing horror roars!
The ynoxinul barely misses you. The thrashing horror tramples you.
* * * LOW HITPOINT WARNING * * *
You hold your ground!
The thrashing horror tramples you but does no damage. x3
The ufetubus hits you.
* * * LOW HITPOINT WARNING * * *
The ufetubus barely misses you.
You take 7 damage, and have 1/112 hp.
You completely miss the ynoxinul. You closely miss the thrashing horror.
You slash the thrashing horror!
You destroy the thrashing horror!
Trog accepts your kill.
You barely miss the ufetubus.
The thrashing horror tramples you but does no damage. x2
The ynoxinul closely misses you.
The ufetubus hits you but does no damage.
The ufetubus closely misses you.
Unknown command.
You slash the ynoxinul! You slice the ufetubus!!
You kill the ufetubus!
The thrashing horror tramples you.
You die...

.#. #.#.# ..#.#.5
. .....3 ...
###.#..## #.
#.##.......
#..#....#.#. ## .
..#..#...5##.## .
..#....3....# .
.## #....X@.#.#
..#.#...#...#.##.#
#.#.#.......#..##
#........#.##...#
. .....##.. .###
##.. ...##. #
..#.. # ## # ...
.. .. . #.# .#..


You could see a thrashing horror, a ynoxinul and an iron imp.

Vanquished Creatures
  Fannar (D:11)
  Harold (D:11)
  2 two-headed ogres
  A tengu warrior (D:10)
  A thrashing horror (Abyss:2)
  Urug (D:11)
  A phantasmal warrior (Abyss:2)
  A cyclops (D:11)
  An ugly thing (D:10)
  A smoke demon (Abyss:2)
  A spiny frog (Lair:1)
  2 kobold demonologists (D:11)
  2 komodo dragons
  A troll (D:9)
  3 hippogriffs
  Sigmund (D:2)
  2 wraiths (Ossuary)
  2 ynoxinuls (Abyss:2)
  A steam dragon (D:9)
  A basilisk (D:11)
  A neqoxec (Abyss:2)
  13 yaks
  A hungry ghost (D:8)
  A water moccasin (Lair:1)
  4 porcupines
  2 orc warriors (D:8)
  5 ice beasts
  2 sky beasts
  A hornet zombie (D:9)
  5 black bears
  2 eyes of draining
  A necrophage (D:11)
  11 ogres
  5 centaurs
  3 crocodiles
  A big kobold (D:10)
  8 bullfrogs
  A small abomination (Abyss:2)
  5 scorpions
  2 howler monkeys
  9 wights
  2 crimson imps
  3 bullfrog zombies
  7 hounds
  3 jellies
  3 orc priests
  3 bullfrog skeletons
  A centaur skeleton (D:9)
  12 orc wizards
  Terence (D:2)
  5 iguanas
  7 worker ants
  A hound zombie (D:11)
  3 hound skeletons
  A mummy (D:8)
  2 worker ant zombies
  14 adders
  6 gnolls
  2 shadow imps
  An ooze (D:3)
  An adder skeleton (D:5)
  An adder zombie (Ossuary)
  2 worms
  2 dart slugs (D:1)
  5 leopard geckos
  48 orcs
  4 giant cockroaches
  4 goblins
  4 hobgoblins
  14 jackals
  10 kobolds
  4 quokkas
  2 ball pythons
  7 bats
  3 frilled lizards
  3 hobgoblin skeletons (Ossuary)
  A hobgoblin zombie (Ossuary)
  A leopard gecko zombie (D:9)
  An orc skeleton (Ossuary)
  An orc zombie (Ossuary)
  A quokka skeleton (D:6)
  7 rats
  2 fungi (D:11)
  3 plants (D:11)
318 creatures vanquished.

Vanquished Creatures (others)
  18 fungi (D:11)
18 creatures vanquished.

Grand Total: 336 creatures vanquished

Notes
Turn   | Place    | Note
-------+----------+-------------------------------------------
     0 | D:1      | Firecrotchwizard the Minotaur Berserker began the quest for
                  | the Orb.
     0 | D:1      | Reached XP level 1. HP: 19/19 MP: 0/0
   138 | D:1      | Reached skill level 4 in Axes
   138 | D:1      | Reached XP level 2. HP: 27/27 MP: 1/1
   606 | D:2      | Reached skill level 4 in Fighting
   627 | D:2      | Reached skill level 3 in Armour
   627 | D:2      | Reached XP level 3. HP: 32/33 MP: 2/2
   675 | D:2      | Noticed Sigmund
   724 | D:2      | Noticed Terence
   733 | D:2      | Killed Terence
   733 | D:2      | Reached skill level 5 in Axes
   733 | D:2      | Reached XP level 4. HP: 41/41 MP: 3/3
   798 | D:2      | Reached ** piety under Trog
   983 | D:2      | Killed Sigmund
   983 | D:2      | Reached skill level 5 in Fighting
   983 | D:2      | Reached skill level 6 in Axes
   983 | D:2      | Reached skill level 4 in Armour
   983 | D:2      | Reached XP level 5. HP: 39/48 MP: 4/4
  1108 | D:3      | Reached XP level 6. HP: 55/56 MP: 5/5
  1987 | D:4      | Found an ornate altar of the Wu Jian Council.
  2101 | D:4      | Reached skill level 7 in Axes
  2427 | D:5      | Entered Level 5 of the Dungeon
  2505 | D:5      | Reached skill level 5 in Armour
  2505 | D:5      | Reached XP level 7. HP: 46/62 MP: 6/6
  2561 | D:5      | Reached *** piety under Trog
  2740 | D:5      | Reached skill level 6 in Fighting
  2762 | D:5      | Reached skill level 8 in Axes
  3248 | D:6      | Reached skill level 6 in Armour
  3248 | D:6      | Reached XP level 8. HP: 21/71 MP: 7/7
  3505 | D:6      | Noticed a kobold demonologist
  3510 | D:6      | Found a transporter.
  3510 | D:6      | Found a transporter.
  3525 | D:6      | Reached skill level 9 in Axes
  3756 | D:6      | Reached skill level 7 in Fighting
  4069 | D:6      | Reached **** piety under Trog
  4275 | D:6      | Noticed a kobold demonologist
  4275 | D:6      | Noticed a fire crab
  4445 | D:7      | Found a sand-covered staircase.
  4450 | Ossuary  | Entered an ossuary
  4509 | Ossuary  | Reached skill level 10 in Axes
  4509 | Ossuary  | Reached skill level 7 in Armour
  4559 | Ossuary  | Noticed a flying skull
  4565 | Ossuary  | Noticed a flying skull
  4569 | Ossuary  | Noticed a flying skull
  4591 | Ossuary  | Noticed a flying skull
  4592 | Ossuary  | Noticed a flying skull
  4722 | Ossuary  | Reached skill level 8 in Fighting
  4722 | Ossuary  | Reached XP level 9. HP: 75/81 MP: 8/8
  4857 | D:7      | Found Ucyqyvad's Jewellery Shop.
  5237 | D:7      | Found a staircase to the Ecumenical Temple.
  5259 | D:7      | Reached skill level 11 in Axes
  5474 | D:7      | Reached skill level 8 in Armour
  5728 | D:8      | Reached skill level 9 in Fighting
  5859 | D:8      | Reached skill level 12 in Axes
  5910 | D:8      | Reached ***** piety under Trog
  5970 | D:8      | Found a burning altar of Makhleb.
  5972 | D:8      | Noticed a two-headed ogre
  5980 | D:8      | Killed a two-headed ogre
  5980 | D:8      | Reached skill level 9 in Armour
  5980 | D:8      | Reached XP level 10. HP: 72/91 MP: 9/9
  6287 | D:8      | Found a snail-covered altar of Cheibriados.
  6325 | D:8      | Found a glowing golden altar of the Shining One.
  6326 | D:8      | Found a shadowy altar of Dithmenos.
  6326 | D:8      | Found a hide-covered altar of Uskayaw.
  6327 | D:8      | Found a hazy altar of Hepliaklqana.
  6526 | D:9      | Reached skill level 13 in Axes
  6677 | D:9      | Found Esueg's Jewellery Boutique.
  6778 | D:8      | Reached skill level 10 in Fighting
  6792 | D:7      | Bought an uncursed amulet of faith for 400 gold pieces
  7523 | D:10     | Entered Level 10 of the Dungeon
  7566 | D:10     | Received a gift from Trog
  7575 | D:10     | Reached skill level 10 in Armour
  7628 | D:10     | Reached skill level 14 in Axes
  7841 | D:10     | Found a staircase to the Orcish Mines.
  7916 | D:10     | Noticed a cyan ugly thing
  7923 | D:10     | Killed a cyan ugly thing
  7923 | D:10     | Reached XP level 11. HP: 61/101 MP: 10/10
  8024 | D:10     | Noticed a tengu warrior
  8030 | D:10     | Killed a tengu warrior
  8369 | D:10     | Reached skill level 11 in Fighting
  8434 | D:11     | Found Ulierer's Distillery.
  8434 | D:11     | Noticed a two-headed ogre
  8440 | D:11     | Killed a two-headed ogre
  8517 | D:11     | Reached skill level 11 in Armour
  8518 | D:11     | Reached skill level 15 in Axes
  8634 | D:11     | Noticed Fannar
  8645 | D:11     | Killed Fannar
  8645 | D:11     | Received a gift from Trog
  8645 | D:11     | Reached ****** piety under Trog
  8892 | D:11     | Noticed Harold
  8905 | D:11     | Killed Harold
  8906 | D:11     | Noticed Urug
  8923 | D:11     | Killed Urug
  9150 | D:11     | Found a staircase to the Lair.
  9748 | Lair:1   | Entered Level 1 of the Lair of Beasts
  9985 | Lair:1   | Reached skill level 12 in Fighting
 10001 | Lair:1   | Reached XP level 12. HP: 78/112 MP: 11/11
 10002 | Lair:1   | Reached skill level 16 in Axes
 10169 | Lair:1   | Noticed Sonja
 10179 | Lair:1   | Cast into level 2 of the Abyss (Sonja)
 10180 | Abyss:2  | Noticed a hellephant
 10204 | Abyss:2  | Gained mutation: Your spells are a little easier to cast,
                  | but a little less powerful. [a neqoxec]
 10205 | Abyss:2  | Gained mutation: Armour fits poorly on your strangely
                  | shaped body. [a neqoxec]
 10206 | Abyss:2  | Gained mutation: You occasionally shout uncontrollably at
                  | your foes. [a neqoxec]
 10224 | Abyss:2  | Reached skill level 12 in Armour
 10280 | Abyss:2  | HP: 27/112 [phantasmal warrior (24)]
 10298 | Abyss:2  | HP: 27/112 [thrashing horror (18)]
 10299 | Abyss:2  | HP: 9/112 [thrashing horror (18)]
 10300 | Abyss:2  | HP: 4/112 [thrashing horror (5)]
 10300 | Abyss:2  | HP: 1/112 [ufetubus[a ynoxinul] (3)]
 10302 | Abyss:2  | Slain by a thrashing horror

Vault maps used:
D:1:      dpeg_arrival_simpleton_b
D:2:      chequers_serial_rivers_large_a, uniq_sigmund, uniq_terence
D:4:      overflow_temple_1_default
D:5:      first_ration, kennysheep_generic_room_4
D:6:      gammafunk_wand_slinger
D:7:      minmay_temple_entry_stoned_glass, serial_shops, shop, enter_ossuary_2
D:8:      slow_altar_2, chequers_temple_overflow_statue_of_worship,
          makhleb_heckhound_becter
D:9:      serial_shops, nicolae_shop_stone
D:10:     orc_0_dummy
D:11:     due_lair_maze_entry_diamond, serial_shops, shop_fountains,
          uniq_harold, uniq_urug, uniq_fannar
Lair:1:   uniq_sonja
Abyss:2:  hangedman_cross_veins
Ossuary:  ossuary_due_cavern

Skill      XL: |  1  2  3  4  5  6  7  8  9 10 11 12 |
---------------+-------------------------------------+-----
Axes           | 4 5 6 7 8 10 12 14 15 16 | 16.4
Fighting       | 4 5 6 8 9 10 12 | 12.3
Armour         | 3 4 5 6 7 9 10 11 12 | 12.1
Dodging        | |  2.1

Action                   |  1- 3 |  4- 6 |  7- 9 | 10-12 || total
-------------------------+-------+-------+-------+-------++-------
Melee: Hand axe          |    31 |   112 |       |       ||   143
       Headbutt          |     6 |    22 |    66 |    66 ||   160
       War axe           |       |     4 |   296 |    20 ||   320
       Battleaxe         |       |       |       |   296 ||   296
Throw: Javelin           |       |    20 |    93 |    13 ||   126
Invok: Trog's Hand       |       |     1 |     2 |     1 ||     4
       Berserk           |       |       |       |     1 ||     1
Evoke: Wand              |       |       |       |     4 ||     4
  Use: Scroll            |       |     2 |    10 |     5 ||    17
       Potion            |       |       |       |     3 ||     3
 Stab: Sleeping          |       |       |       |     1 ||     1
  Eat: Chunk             |       |     5 |    12 |    11 ||    28
       Ration            |       |       |     1 |     1 ||     2
Armor: Animal skin       |     7 |       |       |       ||     7
       Scale mail        |     5 |     2 |       |       ||     7
       Plate armour      |       |    49 |   196 |   222 ||   467
Dodge: Dodged            |    32 |    43 |    72 |   137 ||   284

Table legend:
 A = Non-vault XP
 B = Vault XP
 C = Vault XP percentage of total XP
 D = Non-vault monster count
 E = Vault monster count
 F = Vault count percentage of total count
                 A         B        C        D         E       F
            +---------+---------+-------+---------+---------+-------
      Total |   20161 |    5385 |  21.1 |     280 |      33 |  10.5
            +---------+---------+-------+---------+---------+-------
        D:1 |      24 |       0 |   0.0 |      13 |       0 |   0.0
        D:2 |      63 |     267 |  80.9 |      17 |       2 |  10.5
        D:3 |      82 |       0 |   0.0 |      17 |       0 |   0.0
        D:4 |     269 |       0 |   0.0 |      19 |       0 |   0.0
        D:5 |     592 |       0 |   0.0 |      22 |       0 |   0.0
        D:6 |     902 |       0 |   0.0 |      27 |       0 |   0.0
        D:7 |     744 |       0 |   0.0 |      26 |       0 |   0.0
        D:8 |    3107 |      58 |   1.8 |      39 |       2 |   4.9
        D:9 |    1796 |       0 |   0.0 |      17 |       0 |   0.0
       D:10 |    4316 |       0 |   0.0 |      43 |       0 |   0.0
       D:11 |    3083 |    4129 |  57.3 |      19 |      14 |  42.4
     Lair:1 |    2699 |       0 |   0.0 |      14 |       0 |   0.0
    Abyss:2 |    2484 |     208 |   7.7 |       7 |       1 |  12.5
    Ossuary |       0 |     723 | 100.0 |       0 |      14 | 100.0
            +---------+---------+-------+---------+---------+-------

Vault maps used:
D:1:      dpeg_arrival_simpleton_b
D:2:      chequers_serial_rivers_large_a, uniq_sigmund, uniq_terence
D:4:      overflow_temple_1_default
D:5:      first_ration, kennysheep_generic_room_4
D:6:      gammafunk_wand_slinger
D:7:      minmay_temple_entry_stoned_glass, serial_shops, shop, enter_ossuary_2
D:8:      slow_altar_2, chequers_temple_overflow_statue_of_worship,
          makhleb_heckhound_becter
D:9:      serial_shops, nicolae_shop_stone
D:10:     orc_0_dummy
D:11:     due_lair_maze_entry_diamond, serial_shops, shop_fountains,
          uniq_harold, uniq_urug, uniq_fannar
Lair:1:   uniq_sonja
Abyss:2:  hangedman_cross_veins
Ossuary:  ossuary_due_cavern

Table legend:
 A = Turns spent in this place as a percentage of turns spent in the entire game.
 B = Non-inter-level travel turns spent in this place as a percentage of non-inter-level travel turns spent in the entire game.
 C = Inter-level travel turns spent in this place as a percentage of turns spent in this place.
 D = Turns resting spent in this place as a percentage of non-inter-level travel turns spent in this place.
 E = Turns spent auto-exploring this place as a percentage of non-inter-level travel turns spent in this place.
 F = Non-inter-level travel turns spent in this place divided by the number of levels of this place that you've seen.
                   A       B       C       D       E      F
               +-------+-------+-------+-------+-------+----------------------
         Total | 100.0 | 100.0 |   4.3 |  23.8 |  57.3 | 704.1
       Dungeon |  91.4 |  91.0 |   4.7 |  22.9 |  60.0 | 815.2
          Lair |   4.2 |   4.4 |   0.0 |  49.4 |  29.2 | 431.0
         Abyss |   1.2 |   1.2 |   0.0 |  29.3 |   0.0 | 123.0
       Ossuary |   3.3 |   3.4 |   0.0 |  11.6 |  42.0 | 336.0
               +-------+-------+-------+-------+-------+----------------------

Table legend:
 A = Kills in this place as a percentage of kills in entire the game.
 B = Kills by you in this place as a percentage of kills by you in the entire game.
 C = Kills by friends in this place as a percentage of kills by friends in the entire game.
 D = Other kills in this place as a percentage of other kills in the entire game.
 E = Experience gained in this place as a percentage of experience gained in the entire game.
 F = Experience gained in this place divided by the number of levels of this place that you have seen.
                   A       B       C       D       E      F
               +-------+-------+-------+-------+-------+----------------------
         Total | 100.0 | 100.0 |   N/A |   N/A | 100.0 | 1824.7
       Dungeon |  88.5 |  88.5 |   N/A |   N/A |  76.1 | 1766.5
          Lair |   4.5 |   4.5 |   N/A |   N/A |  10.6 | 2699.0
         Abyss |   2.6 |   2.6 |   N/A |   N/A |  10.5 | 2692.0
       Ossuary |   4.5 |   4.5 |   N/A |   N/A |   2.8 | 723.0
               +-------+-------+-------+-------+-------+----------------------
